Vancouver Canucks vs Chicago Black Hawks
(R1)
Created - Saturday, April 8, 2023 at 07:27
Goals
|
| Vancouver Canucks |
0 |
1 |
0 |
1 |
| Chicago Black Hawks |
1 |
0 |
1 |
2 |
|
Shots
|
| Vancouver Canucks |
8 |
11 |
14 |
33 |
| Chicago Black Hawks |
21 |
7 |
9 |
37 |
|
1st period
1. Chicago Black Hawks , Nikolaj Ehlers 6 (Travis Konecny 9, Ilya Sorokin) at 4:32
Penalties :
Rasmus Andersson (CHI) for Hooking (Minor) at 1:52, Matt Duchene (CHI) for Hooking (Minor) at 11:27
2nd period
2. Vancouver Canucks , Mikko Rantanen 19 (Aleksander Barkov 22) at 13:19
Penalties :
Aleksander Barkov (VAN) for Slashing (Minor) at 15:24
3rd period
3. Chicago Black Hawks , Bo Horvat 10 (Travis Konecny 10, Matthew Tkachuk 12) at 11:32 (PP)
Penalties :
Jake Bean (VAN) for Hooking (Minor) at 11:04, Jake Bean (VAN) for High sticking (Minor) at 14:19, Lawson Crouse (CHI) for Slashing (Double Minor) at 19:37
Goalie Stats
Ville Husso (VAN), 35 saves from 37 shots - (0.946), L, 2-5-1, 59:00 minutes
Ilya Sorokin (CHI), 32 saves from 33 shots - (0.970), W, 11-5-2, 60:00 minutes
Players Stats for Vancouver Canucks
Player Name G A P +/- PIM S H SB GA TA FO MP PP MP PK MP
------------------------------------------------------------------------------------
Adam Boqvist 0 0 0 0 0 4 0 2 1 0 0/0 19:47 2:00 0:39
Aleksander Barkov 0 1 1 1 2 7 1 0 2 0 14/33 22:06 2:31 0:27
Alex Formenton 0 0 0 0 0 1 1 2 0 0 0/0 12:14 1:49 3:04
Anton Lundell 0 0 0 0 0 2 0 0 0 0 12/18 19:03 1:47 3:04
Artturi Lehkonen 0 0 0 0 0 4 1 0 0 0 0/0 14:34 0:00 0:00
Casey Mittelstadt 0 0 0 -1 0 0 0 0 1 0 0/2 11:30 0:00 1:01
Clayton Keller 0 0 0 1 0 0 1 0 2 1 1/3 22:36 2:31 0:56
Jake Bean 0 0 0 -1 4 1 1 1 0 0 0/0 16:24 2:01 0:52
Jesperi Kotkaniemi 0 0 0 -1 0 0 0 0 0 0 0/1 10:38 0:00 0:20
Kasperi Kapanen 0 0 0 -1 0 1 0 0 0 0 0/0 10:25 0:02 0:00
Mikko Rantanen 1 0 1 1 0 5 1 1 1 2 0/1 21:38 2:31 0:00
Miro Heiskanen 0 0 0 0 0 3 0 3 0 2 0/0 24:26 2:20 3:00
Nathan Smith 0 0 0 0 0 3 0 0 0 0 1/2 7:06 0:00 0:00
Nikita Zadorov 0 0 0 1 0 0 1 0 0 1 0/0 18:28 0:00 0:00
Noah Hanifin 0 0 0 1 0 0 0 2 1 1 0/0 24:50 2:19 1:26
Olli Maatta 0 0 0 -1 0 0 0 3 0 1 0/0 16:12 0:00 2:55
Robby Fabbri 0 0 0 0 0 1 0 0 3 1 1/1 16:28 1:49 0:00
Taylor Raddysh 0 0 0 0 0 1 0 0 0 1 0/0 7:06 0:00 0:00
Players Stats for Chicago Black Hawks
Player Name G A P +/- PIM S H SB GA TA FO MP PP MP PK MP
------------------------------------------------------------------------------------
Barclay Goodrow 0 0 0 0 0 2 2 0 0 0 4/6 10:57 0:00 2:19
Bo Horvat 1 0 1 0 0 2 1 0 1 2 8/16 17:33 2:00 1:15
Brent Burns 0 0 0 -1 0 0 1 1 3 2 0/0 25:30 2:58 1:31
Bryan Rust 0 0 0 0 0 1 0 0 0 0 0/0 6:56 0:00 0:00
Chris Kreider 0 0 0 0 0 5 1 1 0 0 0/0 18:30 2:26 1:46
Devon Toews 0 0 0 -1 0 4 0 2 2 3 0/0 23:54 1:28 2:49
Lawson Crouse 0 0 0 0 4 1 1 0 2 0 0/0 10:33 0:00 1:56
Matt Duchene 0 0 0 0 2 7 0 0 1 0 1/1 21:05 2:26 0:00
Matthew Tkachuk 0 1 1 0 0 3 1 0 0 0 1/3 20:01 2:00 0:00
Mikhail Sergachev 0 0 0 0 0 0 2 4 1 2 0/0 23:49 2:58 1:31
Nicolas Hague 0 0 0 1 0 1 1 0 0 1 0/0 11:26 0:00 0:00
Nikolaj Ehlers 1 0 1 0 0 1 1 1 0 0 0/0 10:29 0:00 0:00
Phillip Danault 0 0 0 0 0 0 0 0 0 0 3/4 12:31 0:00 1:10
Rasmus Andersson 0 0 0 1 2 1 0 0 0 0 0/0 14:45 0:00 0:00
Rasmus Ristolainen 0 0 0 0 0 0 3 3 0 1 0/0 19:04 0:00 2:49
Steven Stamkos 0 0 0 0 0 4 0 0 0 0 15/30 20:15 2:26 0:00
Travis Konecny 0 2 2 0 0 3 0 0 0 0 0/0 12:42 2:00 0:14
Vladimir Tarasenko 0 0 0 0 0 2 1 0 0 0 0/1 15:37 1:28 0:00
3 Stars
1 - Ilya Sorokin (CHI)
2 - Ville Husso (VAN)
3 - Mikko Rantanen (VAN)
Power Play
Vancouver Canucks - 0 on 4 Attempt(s) - 0.00%
Chicago Black Hawks - 1 on 3 Attempt(s) - 33.33%
Penalty Kill
Vancouver Canucks - 2 on 3 Attempt(s) - 66.67%
- Score 0 goal in Penalty Kill
Chicago Black Hawks - 4 on 4 Attempt(s) - 100.00%
- Score 0 goal in Penalty Kill
Team Stat
Vancouver Canucks - Hits : 7 - Faceoff Wins : 29 - Blocked Shots : 14 - Penalty Minutes : 6
Chicago Black Hawks - Hits : 15 - Faceoff Wins : 32 - Blocked Shots : 12 - Penalty Minutes : 8
Official
Referees : Marc Joannette and Dave Lewis
Linesman : Scott Driscoll and Brad Kovachik
Game Notes
No Game Note
Finance
Level 1 -- Attendance: 5274 (87.90%) -- Ticket Income $527,400
Level 2 -- Attendance: 3734 (74.68%) -- Ticket Income $224,040
Level 3 -- Attendance: 2491 (83.03%) -- Ticket Income $87,185
Level 4 -- Attendance: 3691 (73.82%) -- Ticket Income $92,275
Luxury Box -- Attendance: 746 (74.60%) -- Ticket Income $149,200
Game was played at the United Center.
Total Attendance: 15936 (79.68%)
Total Ticket Income: $1,080,100
Other Income: $378,035
Total Income: $1,458,135
Vancouver Canucks
5 vs 5 Forward
Center Left Wing Right Wing Time % Phy DF OF
1 Aleksander Barkov Clayton Keller Mikko Rantanen 40 1 2 2
2 Anton Lundell Robby Fabbri Artturi Lehkonen 30 1 2 2
3 Casey Mittelstadt Jesperi Kotkaniemi Kasperi Kapanen 20 1 2 2
4 Nathan Smith Alex Formenton Taylor Raddysh 10 1 2 2
5 vs 5 Defense
Defense Defense Time % Phy DF OF
1 Miro Heiskanen Noah Hanifin 40 1 2 2
2 Nikita Zadorov Adam Boqvist 30 1 2 2
3 Jake Bean Olli Maatta 20 1 2 2
4 Nikita Zadorov Noah Hanifin 10 1 2 2
PowerPlay Forward
Center Left Wing Right Wing Time % Phy DF OF
1 Aleksander Barkov Clayton Keller Mikko Rantanen 60 1 2 2
2 Anton Lundell Robby Fabbri Alex Formenton 40 1 2 2
PowerPlay Defense
Defense Defense Time % Phy DF OF
1 Adam Boqvist Noah Hanifin 60 1 2 2
2 Jake Bean Miro Heiskanen 40 1 2 2
Penalty Kill 4 Players Forward
Center Wing Time % Phy DF OF
1 Anton Lundell Alex Formenton 60 1 2 2
2 Aleksander Barkov Clayton Keller 40 1 2 2
Penalty Kill 4 Players Defense
Defense Defense Time % Phy DF OF
1 Miro Heiskanen Olli Maatta 60 1 2 2
2 Noah Hanifin Jake Bean 40 1 2 2
Penalty Kill - 3 Players Forward
Forward Time % Phy DF OF
1 Anton Lundell 60 1 2 2
2 Aleksander Barkov 40 1 2 2
Penalty Kill - 3 Players Defense
Defense Defense Time % Phy DF OF
1 Miro Heiskanen Olli Maatta 60 1 2 2
2 Noah Hanifin Jake Bean 40 1 2 2
4 vs 4 Forward
Center Wing Time % Phy DF OF
1 Aleksander Barkov Mikko Rantanen 60 1 2 2
2 Robby Fabbri Clayton Keller 40 1 2 2
4 vs 4 Defense
Defense Defense Time % Phy DF OF
1 Nikita Zadorov Noah Hanifin 60 1 2 2
2 Miro Heiskanen Adam Boqvist 40 1 2 2
Last Minutes Offensive
Center Left Wing Right Wing Defense Defense
Aleksander Barkov Clayton Keller Mikko Rantanen Miro Heiskanen Noah Hanifin
Last Minutes Defensive
Center Left Wing Right Wing Defense Defense
Anton Lundell Alex Formenton Clayton Keller Miro Heiskanen Olli Maatta
Goaltenders
Starting : Ville Husso
Backup : Joonas Korpisalo
Extra Forwards
Normal : Aleksander Barkov, Mikko Rantanen, Clayton Keller - PP : Robby Fabbri, Kasperi Kapanen - PK : Aleksander Barkov
Extra Defensemen
Normal : Nikita Zadorov, Noah Hanifin, Miro Heiskanen - PP : Adam Boqvist - PK : Olli Maatta, Jake Bean
Penalty Shots
Aleksander Barkov, Mikko Rantanen, Anton Lundell, Jake Bean, Miro Heiskanen
Chicago Black Hawks
5 vs 5 Forward
Center Left Wing Right Wing Time % Phy DF OF
1 Steven Stamkos Matthew Tkachuk Matt Duchene 40 0 1 4
2 Bo Horvat Chris Kreider Vladimir Tarasenko 30 0 1 4
3 Phillip Danault Nikolaj Ehlers Travis Konecny 20 0 2 3
4 Barclay Goodrow Bryan Rust Lawson Crouse 10 0 2 3
5 vs 5 Defense
Defense Defense Time % Phy DF OF
1 Brent Burns Devon Toews 40 0 2 3
2 Rasmus Ristolainen Mikhail Sergachev 30 0 2 3
3 Rasmus Andersson Nicolas Hague 20 0 4 1
4 Mikhail Sergachev Rasmus Andersson 10 0 3 2
PowerPlay Forward
Center Left Wing Right Wing Time % Phy DF OF
1 Steven Stamkos Chris Kreider Matt Duchene 60 0 0 5
2 Bo Horvat Matthew Tkachuk Travis Konecny 40 0 0 5
PowerPlay Defense
Defense Defense Time % Phy DF OF
1 Brent Burns Mikhail Sergachev 60 0 0 5
2 Devon Toews Vladimir Tarasenko 40 0 0 5
Penalty Kill 4 Players Forward
Center Wing Time % Phy DF OF
1 Barclay Goodrow Lawson Crouse 60 0 5 0
2 Phillip Danault Chris Kreider 40 0 5 0
Penalty Kill 4 Players Defense
Defense Defense Time % Phy DF OF
1 Devon Toews Rasmus Ristolainen 60 0 5 0
2 Brent Burns Mikhail Sergachev 40 0 5 0
Penalty Kill - 3 Players Forward
Forward Time % Phy DF OF
1 Barclay Goodrow 60 0 5 0
2 Phillip Danault 40 0 5 0
Penalty Kill - 3 Players Defense
Defense Defense Time % Phy DF OF
1 Rasmus Ristolainen Mikhail Sergachev 60 0 5 0
2 Devon Toews Nicolas Hague 40 0 5 0
4 vs 4 Forward
Center Wing Time % Phy DF OF
1 Phillip Danault Nikolaj Ehlers 60 0 2 3
2 Bo Horvat Bryan Rust 40 0 2 3
4 vs 4 Defense
Defense Defense Time % Phy DF OF
1 Nicolas Hague Rasmus Ristolainen 60 0 4 1
2 Devon Toews Brent Burns 40 0 2 3
Last Minutes Offensive
Center Left Wing Right Wing Defense Defense
Steven Stamkos Chris Kreider Matthew Tkachuk Brent Burns Devon Toews
Last Minutes Defensive
Center Left Wing Right Wing Defense Defense
Barclay Goodrow Lawson Crouse Phillip Danault Rasmus Ristolainen Brent Burns
Goaltenders
Starting : Ilya Sorokin
Backup : Jordan Binnington
Extra Forwards
Normal : Lawson Crouse, Vladimir Tarasenko, Phillip Danault - PP : Bryan Rust, Nikolaj Ehlers - PK : Bo Horvat
Extra Defensemen
Normal : Rasmus Ristolainen, Nicolas Hague, Devon Toews - PP : Rasmus Ristolainen - PK : Nicolas Hague, Devon Toews
Penalty Shots
Bryan Rust, Matt Duchene, Devon Toews, Bo Horvat, Rasmus Ristolainen
% Time on Ice - Vancouver Canucks
Lines # - Real PCT - Wanted PCT - Time Play
Normal Forward
1 - 36% - 40% - 18:19
2 - 29% - 30% - 14:39
3 - 20% - 20% - 10:18
4 - 14% - 10% - 7:06
Normal Defense
1 - 37% - 40% - 18:51
2 - 34% - 30% - 17:00
3 - 25% - 20% - 12:49
4 - 3% - 10% - 1:42
PP Forward
1 - 58% - 60% - 2:31
2 - 42% - 40% - 1:49
PP Defense
1 - 53% - 60% - 2:19
2 - 47% - 40% - 2:01
PK Forward
1 - 81% - 60% - 3:36
2 - 19% - 40% - 0:50
PK Defense
1 - 68% - 60% - 3:00
2 - 32% - 40% - 1:26
PK3 Forward
1 - 0% - 60%
2 - 0% - 40%
PK3 Defense
1 - 0% - 60%
2 - 0% - 40%
44 Forward
1 - 0% - 60%
2 - 0% - 40%
44 Defense
1 - 0% - 60%
2 - 0% - 40%
Last Minute Offensive - 0:52
Last Minute Defensive - 0:00
Total
Forward - 60:00
Defense - 60:00
|
% Time on Ice - Chicago Black Hawks
Lines # - Real PCT - Wanted PCT - Time Play
Normal Forward
1 - 37% - 40% - 18:40
2 - 28% - 30% - 14:18
3 - 21% - 20% - 10:29
4 - 14% - 10% - 6:56
Normal Defense
1 - 41% - 40% - 20:29
2 - 30% - 30% - 15:09
3 - 21% - 20% - 10:42
4 - 8% - 10% - 4:03
PP Forward
1 - 55% - 60% - 2:26
2 - 45% - 40% - 2:00
PP Defense
1 - 67% - 60% - 2:58
2 - 33% - 40% - 1:28
PK Forward
1 - 73% - 60% - 3:10
2 - 27% - 40% - 1:10
PK Defense
1 - 65% - 60% - 2:49
2 - 35% - 40% - 1:31
PK3 Forward
1 - 0% - 60%
2 - 0% - 40%
PK3 Defense
1 - 0% - 60%
2 - 0% - 40%
44 Forward
1 - 0% - 60%
2 - 0% - 40%
44 Defense
1 - 0% - 60%
2 - 0% - 40%
Last Minute Offensive - 0:00
Last Minute Defensive - 0:51
Total
Forward - 60:00
Defense - 60:00
|
Play-by-Play
1st period
0:01 of 1st period - Steven Stamkos wins face-off versus Aleksander Barkov in neutral zone.
0:39 of 1st period - Nikita Zadorov is hit by Bo Horvat.
1:05 of 1st period - Snap shot by Artturi Lehkonen.
1:05 of 1st period - Stopped by Ilya Sorokin with a rebound.
1:52 of 1st period - Minor Penalty to Rasmus Andersson for Hooking.
1:53 of 1st period - Barclay Goodrow wins face-off versus Clayton Keller in Chicago Black Hawks zone.
2:05 of 1st period - Backhand shot by Aleksander Barkov.
2:05 of 1st period - Shot Misses the Net.
2:07 of 1st period - Wrist shot by Jake Bean.
2:07 of 1st period - Stopped by Ilya Sorokin with a rebound.
2:09 of 1st period - Wrist shot by Clayton Keller.
2:09 of 1st period - Shot Blocked by Devon Toews.
3:12 of 1st period - Anton Lundell is hit by Rasmus Ristolainen and loses puck.
3:21 of 1st period - Rasmus Ristolainen is hit by Alex Formenton and loses puck.
3:52 of 1st period - Penalty to Rasmus Andersson is over, Rasmus Andersson is back on ice.
4:32 of 1st period - Snap shot by Nikolaj Ehlers.
4:32 of 1st period - Goal by Nikolaj Ehlers - Vancouver Canucks : 0 - Chicago Black Hawks : 1.
4:33 of 1st period - Bo Horvat wins face-off versus Aleksander Barkov in neutral zone.
5:33 of 1st period - Slapshot by Mikhail Sergachev.
5:33 of 1st period - Deflect By Matthew Tkachuk.
5:33 of 1st period - Stopped by Ville Husso with a rebound.
5:37 of 1st period - Slapshot by Matt Duchene.
5:37 of 1st period - Stopped by Ville Husso with a rebound.
6:15 of 1st period - Slapshot by Chris Kreider.
6:15 of 1st period - Stopped by Ville Husso with a rebound.
6:35 of 1st period - Snap shot by Travis Konecny.
6:35 of 1st period - Stopped by Ville Husso without a rebound.
6:36 of 1st period - Nathan Smith wins face-off versus Steven Stamkos in Vancouver Canucks zone.
7:02 of 1st period - Clayton Keller is hit by Chris Kreider and loses puck.
7:32 of 1st period - Snap shot by Anton Lundell.
7:32 of 1st period - Shot Misses the Net.
7:34 of 1st period - Wrist shot by Anton Lundell.
7:34 of 1st period - Shot Misses the Net.
8:12 of 1st period - Snap shot by Aleksander Barkov.
8:12 of 1st period - Stopped by Ilya Sorokin with a rebound.
8:16 of 1st period - Wrist shot by Aleksander Barkov.
8:16 of 1st period - Stopped by Ilya Sorokin with a rebound.
8:36 of 1st period - Snap shot by Robby Fabbri.
8:36 of 1st period - Stopped by Ilya Sorokin without a rebound.
8:37 of 1st period - Aleksander Barkov wins face-off versus Matthew Tkachuk in Chicago Black Hawks zone.
8:54 of 1st period - Snap shot by Aleksander Barkov.
8:54 of 1st period - Shot Blocked by Brent Burns.
9:29 of 1st period - Snap shot by Barclay Goodrow.
9:29 of 1st period - Shot Misses the Net.
10:41 of 1st period - Wrist shot by Casey Mittelstadt.
10:41 of 1st period - Shot Blocked by Mikhail Sergachev.
10:43 of 1st period - Slapshot by Miro Heiskanen.
10:43 of 1st period - Stopped by Ilya Sorokin without a rebound.
10:44 of 1st period - Bo Horvat wins face-off versus Aleksander Barkov in Chicago Black Hawks zone.
11:27 of 1st period - Minor Penalty to Matt Duchene for Hooking.
11:28 of 1st period - Barclay Goodrow wins face-off versus Aleksander Barkov in Chicago Black Hawks zone.
11:39 of 1st period - Wrist shot by Barclay Goodrow.
11:39 of 1st period - Stopped by Ville Husso with a rebound.
12:18 of 1st period - Aleksander Barkov is hit by Barclay Goodrow.
12:34 of 1st period - Snap shot by Chris Kreider.
12:34 of 1st period - Shot Misses the Net.
13:27 of 1st period - Penalty to Matt Duchene is over, Matt Duchene is back on ice.
14:11 of 1st period - Slapshot by Barclay Goodrow.
14:11 of 1st period - Shot Misses the Net.
14:55 of 1st period - Slapshot by Vladimir Tarasenko.
14:55 of 1st period - Stopped by Ville Husso with a rebound.
14:57 of 1st period - Snap shot by Brent Burns.
14:57 of 1st period - Deflect By Chris Kreider.
14:57 of 1st period - Stopped by Ville Husso with a rebound.
14:59 of 1st period - Snap shot by Chris Kreider.
14:59 of 1st period - Shot Misses the Net.
15:01 of 1st period - Snap shot by Chris Kreider.
15:01 of 1st period - Stopped by Ville Husso without a rebound.
15:02 of 1st period - Aleksander Barkov wins face-off versus Bo Horvat in Vancouver Canucks zone.
15:13 of 1st period - Wrist shot by Vladimir Tarasenko.
15:13 of 1st period - Stopped by Ville Husso without a rebound.
15:14 of 1st period - Aleksander Barkov wins face-off versus Steven Stamkos in Vancouver Canucks zone.
15:41 of 1st period - Off-side.
15:42 of 1st period - Bo Horvat wins face-off versus Anton Lundell in neutral zone.
15:47 of 1st period - Snap shot by Bo Horvat.
15:47 of 1st period - Shot Misses the Net.
15:49 of 1st period - Slapshot by Bo Horvat.
15:49 of 1st period - Stopped by Ville Husso without a rebound.
15:50 of 1st period - Steven Stamkos wins face-off versus Aleksander Barkov in Vancouver Canucks zone.
16:00 of 1st period - Icing by Clayton Keller.
16:01 of 1st period - Steven Stamkos wins face-off versus Aleksander Barkov in Vancouver Canucks zone.
16:36 of 1st period - Snap shot by Mikko Rantanen.
16:36 of 1st period - Shot Misses the Net.
16:40 of 1st period - Snap shot by Mikko Rantanen.
16:40 of 1st period - Shot Blocked by Mikhail Sergachev.
16:42 of 1st period - Backhand shot by Nikita Zadorov.
16:42 of 1st period - Shot Misses the Net.
16:44 of 1st period - Snap shot by Adam Boqvist.
16:44 of 1st period - Stopped by Ilya Sorokin with a rebound.
16:46 of 1st period - Snap shot by Aleksander Barkov.
16:46 of 1st period - Shot Blocked by Mikhail Sergachev.
16:48 of 1st period - Slapshot by Adam Boqvist.
16:48 of 1st period - Stopped by Ilya Sorokin without a rebound.
16:49 of 1st period - Bo Horvat wins face-off versus Anton Lundell in Chicago Black Hawks zone.
16:53 of 1st period - Off-side.
16:54 of 1st period - Anton Lundell wins face-off versus Bo Horvat in neutral zone.
18:03 of 1st period - Snap shot by Chris Kreider.
18:03 of 1st period - Shot Blocked by Noah Hanifin.
18:05 of 1st period - Slapshot by Devon Toews.
18:05 of 1st period - Stopped by Ville Husso with a rebound.
18:07 of 1st period - Slapshot by Bo Horvat.
18:07 of 1st period - Shot Misses the Net.
18:16 of 1st period - Off-side.
18:17 of 1st period - Steven Stamkos wins face-off versus Aleksander Barkov in neutral zone.
18:24 of 1st period - Snap shot by Matt Duchene.
18:24 of 1st period - Stopped by Ville Husso without a rebound.
18:25 of 1st period - Steven Stamkos wins face-off versus Aleksander Barkov in Vancouver Canucks zone.
18:26 of 1st period - Snap shot by Matthew Tkachuk.
18:26 of 1st period - Stopped by Ville Husso without a rebound.
18:27 of 1st period - Aleksander Barkov wins face-off versus Steven Stamkos in Vancouver Canucks zone.
18:55 of 1st period - Wrist shot by Steven Stamkos.
18:55 of 1st period - Shot Misses the Net.
18:57 of 1st period - Snap shot by Steven Stamkos.
18:57 of 1st period - Stopped by Ville Husso without a rebound.
18:58 of 1st period - Phillip Danault wins face-off versus Casey Mittelstadt in Vancouver Canucks zone.
19:03 of 1st period - Snap shot by Travis Konecny.
19:03 of 1st period - Deflect By Miro Heiskanen.
19:03 of 1st period - Stopped by Ville Husso with a rebound.
19:05 of 1st period - Backhand shot by Travis Konecny.
19:05 of 1st period - Stopped by Ville Husso with a rebound.
19:07 of 1st period - Snap shot by Devon Toews.
19:07 of 1st period - Deflect By Jesperi Kotkaniemi.
19:07 of 1st period - Stopped by Ville Husso with a rebound.
19:09 of 1st period - Wrist shot by Devon Toews.
19:09 of 1st period - Stopped by Ville Husso without a rebound.
19:10 of 1st period - Steven Stamkos wins face-off versus Aleksander Barkov in Vancouver Canucks zone.
19:13 of 1st period - Snap shot by Steven Stamkos.
19:13 of 1st period - Shot Blocked by Noah Hanifin.
19:15 of 1st period - Slapshot by Mikhail Sergachev.
19:15 of 1st period - Deflect By Matt Duchene.
19:15 of 1st period - Stopped by Ville Husso without a rebound.
19:16 of 1st period - Steven Stamkos wins face-off versus Aleksander Barkov in Vancouver Canucks zone.
19:19 of 1st period - Wrist shot by Matt Duchene.
19:19 of 1st period - Shot Misses the Net.
19:21 of 1st period - Backhand shot by Steven Stamkos.
19:21 of 1st period - Stopped by Ville Husso with a rebound.
19:47 of 1st period - Snap shot by Anton Lundell.
19:47 of 1st period - Shot Blocked by Rasmus Ristolainen.
Goals for this period are 0 for Vancouver Canucks vs 1 for Chicago Black Hawks.
Shots for this period are 8 for Vancouver Canucks vs 21 for Chicago Black Hawks.
2nd period
0:01 of 2nd period - Aleksander Barkov wins face-off versus Steven Stamkos in neutral zone.
1:13 of 2nd period - Wrist shot by Nathan Smith.
1:13 of 2nd period - Stopped by Ilya Sorokin with a rebound.
1:28 of 2nd period - Icing by Alex Formenton.
1:29 of 2nd period - Aleksander Barkov wins face-off versus Steven Stamkos in Vancouver Canucks zone.
1:56 of 2nd period - Miro Heiskanen is hit by Rasmus Ristolainen.
2:04 of 2nd period - Snap shot by Anton Lundell.
2:04 of 2nd period - Stopped by Ilya Sorokin with a rebound.
3:00 of 2nd period - Snap shot by Alex Formenton.
3:00 of 2nd period - Shot Hit the Post.
3:02 of 2nd period - Wrist shot by Mikko Rantanen.
3:02 of 2nd period - Stopped by Ilya Sorokin without a rebound.
3:03 of 2nd period - Aleksander Barkov wins face-off versus Steven Stamkos in Chicago Black Hawks zone.
3:20 of 2nd period - Wrist shot by Steven Stamkos.
3:20 of 2nd period - Stopped by Ville Husso with a rebound.
3:22 of 2nd period - Snap shot by Steven Stamkos.
3:22 of 2nd period - Shot Misses the Net.
3:24 of 2nd period - Backhand shot by Matt Duchene.
3:24 of 2nd period - Shot Blocked by Olli Maatta.
3:26 of 2nd period - Wrist shot by Brent Burns.
3:26 of 2nd period - Deflect By Matthew Tkachuk.
3:26 of 2nd period - Shot Misses the Net.
3:26 of 2nd period - Puck is out of play.
3:27 of 2nd period - Anton Lundell wins face-off versus Bo Horvat in Vancouver Canucks zone.
3:36 of 2nd period - Snap shot by Robby Fabbri.
3:36 of 2nd period - Shot Misses the Net.
4:00 of 2nd period - Off-side.
4:01 of 2nd period - Steven Stamkos wins face-off versus Aleksander Barkov in neutral zone.
5:18 of 2nd period - Wrist shot by Aleksander Barkov.
5:18 of 2nd period - Stopped by Ilya Sorokin without a rebound.
5:19 of 2nd period - Aleksander Barkov wins face-off versus Steven Stamkos in Chicago Black Hawks zone.
5:39 of 2nd period - Snap shot by Mikko Rantanen.
5:39 of 2nd period - Stopped by Ilya Sorokin with a rebound.
6:22 of 2nd period - Nikita Zadorov is hit by Brent Burns and loses puck.
6:40 of 2nd period - Noah Hanifin is hit by Nicolas Hague and loses puck.
6:59 of 2nd period - Devon Toews is hit by Aleksander Barkov and loses puck.
7:11 of 2nd period - Miro Heiskanen is hit by Matthew Tkachuk and loses puck.
7:24 of 2nd period - Slapshot by Mikko Rantanen.
7:24 of 2nd period - Stopped by Ilya Sorokin without a rebound.
7:25 of 2nd period - Anton Lundell wins face-off versus Vladimir Tarasenko in Chicago Black Hawks zone.
7:26 of 2nd period - Snap shot by Artturi Lehkonen.
7:26 of 2nd period - Shot Misses the Net.
8:20 of 2nd period - Wrist shot by Casey Mittelstadt.
8:20 of 2nd period - Shot Misses the Net.
8:24 of 2nd period - Snap shot by Taylor Raddysh.
8:24 of 2nd period - Deflect By Nathan Smith.
8:24 of 2nd period - Stopped by Ilya Sorokin with a rebound.
8:26 of 2nd period - Wrist shot by Nathan Smith.
8:26 of 2nd period - Deflect By Bryan Rust.
8:26 of 2nd period - Stopped by Ilya Sorokin with a rebound.
8:28 of 2nd period - Snap shot by Taylor Raddysh.
8:28 of 2nd period - Stopped by Ilya Sorokin without a rebound.
8:29 of 2nd period - Anton Lundell wins face-off versus Bo Horvat in Chicago Black Hawks zone.
8:34 of 2nd period - Wrist shot by Robby Fabbri.
8:34 of 2nd period - Shot Blocked by Mikhail Sergachev.
8:44 of 2nd period - Wrist shot by Vladimir Tarasenko.
8:44 of 2nd period - Shot Misses the Net.
8:46 of 2nd period - Backhand shot by Mikhail Sergachev.
8:46 of 2nd period - Shot Blocked by Miro Heiskanen.
9:09 of 2nd period - Snap shot by Mikhail Sergachev.
9:09 of 2nd period - Shot Blocked by Jake Bean.
9:30 of 2nd period - Backhand shot by Rasmus Andersson.
9:30 of 2nd period - Shot Misses the Net.
11:04 of 2nd period - Off-side.
11:05 of 2nd period - Phillip Danault wins face-off versus Nathan Smith in neutral zone.
11:54 of 2nd period - Snap shot by Aleksander Barkov.
11:54 of 2nd period - Stopped by Ilya Sorokin without a rebound.
11:55 of 2nd period - Anton Lundell wins face-off versus Steven Stamkos in Chicago Black Hawks zone.
12:28 of 2nd period - Icing by Jake Bean.
12:29 of 2nd period - Bo Horvat wins face-off versus Jesperi Kotkaniemi in Vancouver Canucks zone.
12:38 of 2nd period - Rasmus Andersson is hit by Jake Bean and loses puck.
13:03 of 2nd period - Snap shot by Matthew Tkachuk.
13:03 of 2nd period - Stopped by Ville Husso without a rebound.
13:04 of 2nd period - Bo Horvat wins face-off versus Aleksander Barkov in Vancouver Canucks zone.
13:05 of 2nd period - Wrist shot by Vladimir Tarasenko.
13:05 of 2nd period - Shot Misses the Net.
13:19 of 2nd period - Snap shot by Mikko Rantanen.
13:19 of 2nd period - Goal by Mikko Rantanen - Vancouver Canucks : 1 - Chicago Black Hawks : 1.
13:20 of 2nd period - Steven Stamkos wins face-off versus Aleksander Barkov in neutral zone.
13:50 of 2nd period - Icing by Robby Fabbri.
13:51 of 2nd period - Robby Fabbri wins face-off versus Bo Horvat in Vancouver Canucks zone.
14:08 of 2nd period - Anton Lundell is hit by Rasmus Ristolainen and loses puck.
14:23 of 2nd period - Wrist shot by Vladimir Tarasenko.
14:23 of 2nd period - Shot Misses the Net.
14:47 of 2nd period - Off-side.
14:48 of 2nd period - Steven Stamkos wins face-off versus Aleksander Barkov in neutral zone.
14:53 of 2nd period - Snap shot by Matthew Tkachuk.
14:53 of 2nd period - Shot Misses the Net.
14:55 of 2nd period - Wrist shot by Steven Stamkos.
14:55 of 2nd period - Shot Misses the Net.
14:57 of 2nd period - Slapshot by Devon Toews.
14:57 of 2nd period - Stopped by Ville Husso without a rebound.
14:58 of 2nd period - Steven Stamkos wins face-off versus Aleksander Barkov in Vancouver Canucks zone.
14:59 of 2nd period - Wrist shot by Matt Duchene.
14:59 of 2nd period - Stopped by Ville Husso with a rebound.
15:01 of 2nd period - Slapshot by Brent Burns.
15:01 of 2nd period - Shot Blocked by Adam Boqvist.
15:03 of 2nd period - Wrist shot by Matt Duchene.
15:03 of 2nd period - Stopped by Ville Husso with a rebound.
15:05 of 2nd period - Slapshot by Steven Stamkos.
15:05 of 2nd period - Deflect By Matthew Tkachuk.
15:05 of 2nd period - Shot Misses the Net.
15:05 of 2nd period - Puck is out of play.
15:06 of 2nd period - Matt Duchene wins face-off versus Clayton Keller in Vancouver Canucks zone.
15:24 of 2nd period - Minor Penalty to Aleksander Barkov for Slashing.
15:25 of 2nd period - Anton Lundell wins face-off versus Steven Stamkos in Vancouver Canucks zone.
16:08 of 2nd period - Snap shot by Casey Mittelstadt.
16:08 of 2nd period - Shot Misses the Net.
16:50 of 2nd period - Casey Mittelstadt is hit by Vladimir Tarasenko and loses puck.
17:24 of 2nd period - Penalty to Aleksander Barkov is over, Aleksander Barkov is back on ice.
17:33 of 2nd period - Clayton Keller is hit by Barclay Goodrow and loses puck.
17:40 of 2nd period - Snap shot by Lawson Crouse.
17:40 of 2nd period - Stopped by Ville Husso with a rebound.
17:42 of 2nd period - Wrist shot by Nicolas Hague.
17:42 of 2nd period - Stopped by Ville Husso with a rebound.
17:44 of 2nd period - Slapshot by Nicolas Hague.
17:44 of 2nd period - Shot Blocked by Mikko Rantanen.
18:30 of 2nd period - Steven Stamkos is hit by Artturi Lehkonen and loses puck.
19:03 of 2nd period - Wrist shot by Casey Mittelstadt.
19:03 of 2nd period - Shot Misses the Net.
Goals for this period are 1 for Vancouver Canucks vs 0 for Chicago Black Hawks.
Shots for this period are 11 for Vancouver Canucks vs 7 for Chicago Black Hawks.
3rd period
0:01 of 3rd period - Clayton Keller wins face-off versus Matthew Tkachuk in neutral zone.
0:33 of 3rd period - Slapshot by Artturi Lehkonen.
0:33 of 3rd period - Stopped by Ilya Sorokin without a rebound.
0:34 of 3rd period - Aleksander Barkov wins face-off versus Bo Horvat in Chicago Black Hawks zone.
1:28 of 3rd period - Wrist shot by Steven Stamkos.
1:28 of 3rd period - Stopped by Ville Husso with a rebound.
1:30 of 3rd period - Wrist shot by Matt Duchene.
1:30 of 3rd period - Stopped by Ville Husso with a rebound.
2:08 of 3rd period - Clayton Keller is hit by Lawson Crouse and loses puck.
2:18 of 3rd period - Wrist shot by Barclay Goodrow.
2:18 of 3rd period - Stopped by Ville Husso with a rebound.
2:38 of 3rd period - Snap shot by Kasperi Kapanen.
2:38 of 3rd period - Stopped by Ilya Sorokin without a rebound.
2:39 of 3rd period - Aleksander Barkov wins face-off versus Phillip Danault in Chicago Black Hawks zone.
3:15 of 3rd period - Snap shot by Artturi Lehkonen.
3:15 of 3rd period - Stopped by Ilya Sorokin with a rebound.
3:17 of 3rd period - Snap shot by Anton Lundell.
3:17 of 3rd period - Shot Misses the Net.
3:19 of 3rd period - Slapshot by Adam Boqvist.
3:19 of 3rd period - Stopped by Ilya Sorokin without a rebound.
3:20 of 3rd period - Bo Horvat wins face-off versus Casey Mittelstadt in Chicago Black Hawks zone.
4:13 of 3rd period - Wrist shot by Artturi Lehkonen.
4:13 of 3rd period - Shot Blocked by Nikolaj Ehlers.
4:15 of 3rd period - Backhand shot by Robby Fabbri.
4:15 of 3rd period - Deflect By Anton Lundell.
4:15 of 3rd period - Deflect By Brent Burns.
4:15 of 3rd period - Shot Misses the Net.
4:15 of 3rd period - Puck is out of play.
4:16 of 3rd period - Phillip Danault wins face-off versus Anton Lundell in Chicago Black Hawks zone.
5:16 of 3rd period - Slapshot by Artturi Lehkonen.
5:16 of 3rd period - Shot Misses the Net.
5:18 of 3rd period - Snap shot by Artturi Lehkonen.
5:18 of 3rd period - Stopped by Ilya Sorokin with a rebound.
5:20 of 3rd period - Wrist shot by Anton Lundell.
5:20 of 3rd period - Stopped by Ilya Sorokin with a rebound.
5:22 of 3rd period - Wrist shot by Miro Heiskanen.
5:22 of 3rd period - Stopped by Ilya Sorokin without a rebound.
5:23 of 3rd period - Matthew Tkachuk wins face-off versus Aleksander Barkov in Chicago Black Hawks zone.
5:40 of 3rd period - Slapshot by Aleksander Barkov.
5:40 of 3rd period - Stopped by Ilya Sorokin with a rebound.
7:15 of 3rd period - Adam Boqvist is hit by Nikolaj Ehlers and loses puck.
7:32 of 3rd period - Steven Stamkos is hit by Nikita Zadorov and loses puck.
7:44 of 3rd period - Icing by Matt Duchene.
7:45 of 3rd period - Aleksander Barkov wins face-off versus Barclay Goodrow in Chicago Black Hawks zone.
7:46 of 3rd period - Snap shot by Mikko Rantanen.
7:46 of 3rd period - Shot Blocked by Devon Toews.
7:56 of 3rd period - Snap shot by Bryan Rust.
7:56 of 3rd period - Stopped by Ville Husso without a rebound.
7:57 of 3rd period - Aleksander Barkov wins face-off versus Steven Stamkos in Vancouver Canucks zone.
8:02 of 3rd period - Snap shot by Mikko Rantanen.
8:02 of 3rd period - Stopped by Ilya Sorokin with a rebound.
8:06 of 3rd period - Snap shot by Aleksander Barkov.
8:06 of 3rd period - Stopped by Ilya Sorokin without a rebound.
8:07 of 3rd period - Steven Stamkos wins face-off versus Aleksander Barkov in Chicago Black Hawks zone.
8:32 of 3rd period - Matt Duchene is hit by Mikko Rantanen and loses puck.
9:00 of 3rd period - Off-side.
9:01 of 3rd period - Anton Lundell wins face-off versus Bo Horvat in neutral zone.
9:34 of 3rd period - Snap shot by Jesperi Kotkaniemi.
9:34 of 3rd period - Shot Misses the Net.
10:45 of 3rd period - Nathan Smith is hit by Mikhail Sergachev and loses puck.
11:04 of 3rd period - Minor Penalty to Jake Bean for Hooking.
11:05 of 3rd period - Steven Stamkos wins face-off versus Anton Lundell in Vancouver Canucks zone.
11:14 of 3rd period - Wrist shot by Matt Duchene.
11:14 of 3rd period - Shot Blocked by Alex Formenton.
11:16 of 3rd period - Wrist shot by Matt Duchene.
11:16 of 3rd period - Stopped by Ville Husso with a rebound.
11:18 of 3rd period - Snap shot by Steven Stamkos.
11:18 of 3rd period - Shot Misses the Net.
11:20 of 3rd period - Slapshot by Devon Toews.
11:20 of 3rd period - Shot Blocked by Adam Boqvist.
11:22 of 3rd period - Snap shot by Chris Kreider.
11:22 of 3rd period - Stopped by Ville Husso without a rebound.
11:23 of 3rd period - Bo Horvat wins face-off versus Anton Lundell in Vancouver Canucks zone.
11:32 of 3rd period - Snap shot by Bo Horvat.
11:32 of 3rd period - Goal by Bo Horvat - Vancouver Canucks : 1 - Chicago Black Hawks : 2.
11:33 of 3rd period - Steven Stamkos wins face-off versus Aleksander Barkov in neutral zone.
12:05 of 3rd period - Snap shot by Chris Kreider.
12:05 of 3rd period - Stopped by Ville Husso with a rebound.
12:21 of 3rd period - Snap shot by Miro Heiskanen.
12:21 of 3rd period - Stopped by Ilya Sorokin with a rebound.
13:12 of 3rd period - Adam Boqvist is hit by Mikhail Sergachev and loses puck.
13:57 of 3rd period - Backhand shot by Travis Konecny.
13:57 of 3rd period - Deflect By Phillip Danault.
13:57 of 3rd period - Shot Misses the Net.
13:57 of 3rd period - Puck is out of play.
13:58 of 3rd period - Aleksander Barkov wins face-off versus Steven Stamkos in Vancouver Canucks zone.
14:05 of 3rd period - Rasmus Andersson is hit by Clayton Keller and loses puck.
14:19 of 3rd period - Minor Penalty to Jake Bean for High sticking.
14:20 of 3rd period - Anton Lundell wins face-off versus Steven Stamkos in Vancouver Canucks zone.
14:24 of 3rd period - Backhand shot by Miro Heiskanen.
14:24 of 3rd period - Deflect By Alex Formenton.
14:24 of 3rd period - Shot Misses the Net.
14:24 of 3rd period - Puck is out of play.
14:25 of 3rd period - Anton Lundell wins face-off versus Steven Stamkos in Chicago Black Hawks zone.
14:26 of 3rd period - Snap shot by Alex Formenton.
14:26 of 3rd period - Stopped by Ilya Sorokin without a rebound.
14:27 of 3rd period - Steven Stamkos wins face-off versus Anton Lundell in Chicago Black Hawks zone.
14:36 of 3rd period - Snap shot by Matt Duchene.
14:36 of 3rd period - Shot Blocked by Miro Heiskanen.
14:38 of 3rd period - Slapshot by Steven Stamkos.
14:38 of 3rd period - Shot Blocked by Miro Heiskanen.
14:40 of 3rd period - Wrist shot by Brent Burns.
14:40 of 3rd period - Shot Blocked by Alex Formenton.
14:42 of 3rd period - Wrist shot by Steven Stamkos.
14:42 of 3rd period - Shot Misses the Net.
14:44 of 3rd period - Backhand shot by Mikhail Sergachev.
14:44 of 3rd period - Deflect By Steven Stamkos.
14:44 of 3rd period - Shot Blocked by Olli Maatta.
14:44 of 3rd period - Puck is out of play.
14:45 of 3rd period - Anton Lundell wins face-off versus Bo Horvat in Vancouver Canucks zone.
14:57 of 3rd period - Off-side.
14:58 of 3rd period - Anton Lundell wins face-off versus Steven Stamkos in neutral zone.
15:05 of 3rd period - Snap shot by Alex Formenton.
15:05 of 3rd period - Shot Blocked by Chris Kreider.
16:03 of 3rd period - Backhand shot by Aleksander Barkov.
16:03 of 3rd period - Shot Misses the Net.
16:05 of 3rd period - Slapshot by Noah Hanifin.
16:05 of 3rd period - Deflect By Aleksander Barkov.
16:05 of 3rd period - Shot Misses the Net.
16:05 of 3rd period - Puck is out of play.
16:06 of 3rd period - Anton Lundell wins face-off versus Steven Stamkos in Chicago Black Hawks zone.
16:17 of 3rd period - Snap shot by Bo Horvat.
16:17 of 3rd period - Shot Blocked by Olli Maatta.
16:19 of 3rd period - Penalty to Jake Bean is over, Jake Bean is back on ice.
16:37 of 3rd period - Wrist shot by Casey Mittelstadt.
16:37 of 3rd period - Shot Misses the Net.
16:39 of 3rd period - Wrist shot by Jesperi Kotkaniemi.
16:39 of 3rd period - Shot Misses the Net.
16:41 of 3rd period - Slapshot by Olli Maatta.
16:41 of 3rd period - Shot Misses the Net.
16:43 of 3rd period - Slapshot by Olli Maatta.
16:43 of 3rd period - Shot Misses the Net.
16:59 of 3rd period - Slapshot by Rasmus Andersson.
16:59 of 3rd period - Stopped by Ville Husso with a rebound.
19:00 of 3rd period - Vancouver Canucks, Ville Husso is pulled from the net.
19:32 of 3rd period - Snap shot by Aleksander Barkov.
19:32 of 3rd period - Stopped by Ilya Sorokin with a rebound.
19:34 of 3rd period - Slapshot by Adam Boqvist.
19:34 of 3rd period - Deflect By Mikko Rantanen.
19:34 of 3rd period - Shot Misses the Net.
19:34 of 3rd period - Puck is out of play.
19:35 of 3rd period - Jeremy Colilton call a timeout for Vancouver Canucks.
19:35 of 3rd period - Barclay Goodrow wins face-off versus Aleksander Barkov in Chicago Black Hawks zone.
19:37 of 3rd period - Double Minor Penalty to Lawson Crouse for Slashing.
19:38 of 3rd period - Aleksander Barkov wins face-off versus Barclay Goodrow in Chicago Black Hawks zone.
19:48 of 3rd period - Slapshot by Mikko Rantanen.
19:48 of 3rd period - Shot Blocked by Rasmus Ristolainen.
19:50 of 3rd period - Slapshot by Adam Boqvist.
19:50 of 3rd period - Shot Blocked by Rasmus Ristolainen.
19:52 of 3rd period - Slapshot by Adam Boqvist.
19:52 of 3rd period - Stopped by Ilya Sorokin without a rebound.
19:53 of 3rd period - Barclay Goodrow wins face-off versus Mikko Rantanen in Chicago Black Hawks zone.
Goals for this period are 0 for Vancouver Canucks vs 1 for Chicago Black Hawks.
Shots for this period are 14 for Vancouver Canucks vs 9 for Chicago Black Hawks.
Back to the Top